 Dungeon Crawl Stone Soup version 0.20-a0-731-gecde0bf (webtiles) character file.

10852 Laphicet the Protected (level 12, -5/82 HPs)
             Began as a Halfling Fighter on Feb 22, 2017.
             Was an Elder of Wu Jian.
             Slain by an ice beast (7 damage)
             ... summoned by beholder's ghost
             ... in an ice cave.
             The game lasted 00:31:31 (13214 turns).

Laphicet the Protected (Halfling Fighter)          Turns: 13214, Time: 00:31:31

Health: -5/82      AC: 16    Str: 18    XL:     12   Next: 0%
Magic:  0/12       EV: 18    Int:  9    God:    Wu Jian [****..]
Gold:   582        SH: 12    Dex: 20    Spells: 11/11 levels left

rFire    + . .     SeeInvis .   s - +4 falchion (slice)
rCold    . . .     Gourm    .   o - +0 chain mail
rNeg     . . .     Faith    .   c - +0 shield
rPois    .         Spirit   +   A - +1 helmet
rElec    .         Reflect  .   G - scarf {Spirit}
rCorr    .         Harm     .   (no gloves)
MR       .....                  (no boots)
Stlth    ..........             (no amulet)
Regen    0.3/turn               b - +3 ring of protection
MPRegen  0.2/turn               w - ring of protection from fire

@: agile, very slightly contaminated, hasted, drained, very quick
A: mutation resistance 1
a: Serpent's Lash, Renounce Religion


You were in an ice cave.
You worshipped Wu Jian.
Wu Jian was greatly pleased with you.
You were hungry.

You visited 2 branches of the dungeon, and saw 12 of its levels.
You also visited: Ice Cave.

You collected 582 gold pieces.

Inventory:

Hand Weapons
 s - a +4 falchion of slicing (weapon)
Armour
 c - a +0 shield (worn)
 o - a +0 chain mail (worn)
 A - a +1 helmet (worn)
 G - a scarf of spirit shield (worn)
Jewellery
 b - a +3 ring of protection (right hand)
 d - a cursed -2 ring of intelligence {unknown}
 v - an uncursed ring of protection from fire
 w - a ring of protection from fire (left hand)
 F - an uncursed ring of see invisible {unknown}
Wands
 j - a wand of iceblast (0/15)
 n - a wand of clouds (0/9)
 z - a wand of flame (23/48)
Scrolls
 a - a scroll of fear
 q - 2 scrolls of recharging
 r - 2 scrolls of amnesia
 B - 2 scrolls of remove curse
 D - a scroll of teleportation
Potions
 e - 3 potions of lignification
 h - 5 potions of magic
 k - 3 potions of brilliance
 l - 3 potions of curing
 C - 2 potions of haste
Books
 t - a book of Cantrips

   Spells                             Type                      Level
   a - Confusing Touch                Hexes                        1
   b - Animate Skeleton               Necromancy                   1
   c - Summon Small Mammal            Summoning                    1
   d - Apportation                    Translocation                1
 y - a book of Debilitation

   Spells                             Type                      Level
   a - Corona                         Hexes                        1
   b - Slow                           Hexes                        2
   c - Inner Flame                    Hexes/Fire                   3
   d - Portal Projectile              Hexes/Translocation          3
   e - Cause Fear                     Hexes                        4
   f - Leda's Liquefaction            Hexes/Earth                  4
Comestibles
 f - 3 bread rations
 g - 13 royal jellies
 m - 3 meat rations
 x - 13 fruits
 E - 2 chunks of flesh


   Skills:
 + Level 8.1(7.4) Fighting
 + Level 8.7(8.0) Long Blades
 + Level 9.5(8.8) Armour
 + Level 8.7(8.0) Dodging
 + Level 9.3(8.6) Shields


You had 11 spell levels left.
You didn't know any spells.

Dungeon Overview and Level Annotations

Branches:
Dungeon (11/15)            Temple (1/1) D:5            Lair (0/6) D:11
    Orc (0/2) D:11

Altars:
Ashenzari
Cheibriados
Dithmenos
Elyvilon
Fedhas
Gozag
Hepliaklqana
Kikubaaqudgha
Makhleb
Nemelex Xobeh
Okawaru
Qazlal
Ru
Sif Muna
Trog
Uskayaw
Vehumet
Wu Jian
Xom
Yredelemnul
Zin
The Shining One

Shops:
D:6 :

Annotations:
IceCv beholder's ghost, journeyman DrIE


Innate Abilities, Weirdness & Mutations

You are small and have problems with some larger weapons.
You are somewhat resistant to further mutation.


Message History

The ice beast is severely wounded.
You hit the ice beast.
The ice beast is severely wounded.
You attack beholder's ghost from above.
You hit beholder's ghost.
Beholder's ghost is severely damaged.
You attack the white imp from above.
You slash the white imp!
You kill the white imp!
The Council accepts your kill. Beholder's ghost closely misses you.
The ice beast barely misses you.
You hit beholder's ghost.
Beholder's ghost is severely damaged.
Beholder's ghost casts a spell at you.
You are frozen.
* * * LOW HITPOINT WARNING * * *
You hit the ice beast but do no damage.
The ice beast is severely wounded.
The ice beast hits you.
* * * LOW HITPOINT WARNING * * *
The ice beast freezes you!
You die...

.## ..##
...##
#...#
##...#
#...#
##...##
##Y....##
#.W@§...#
#.§§§...#
##..∩..##
##...##
#####


You could see an ice beast and beholder's ghost.

Vanquished Creatures
  Erolcha (D:9)
  2 two-headed ogres
  Pikel (D:4)
  2 trolls
  Grinder (D:5)
  A hornet (D:8)
  6 yaks
  Eustachio (D:5)
  A wyvern (D:9)
  2 soldier ants (D:8)
  Duvessa (D:6)
  A water moccasin (D:7)
  4 orc warriors
  A sky beast (D:6)
  A black bear (D:7)
  An eye of draining (D:10)
  9 ice beasts
  5 ogres
  A phantom (D:8)
  6 centaurs
  The ghost of Laphicet the Covered, an amateur HaFi (D:3)
  7 bullfrogs
  Blork the orc (D:3)
  Dowan (D:6)
  2 scorpions
  A wyvern skeleton (D:9)
  6 killer bees (D:9)
  9 wights
  8 howler monkeys
  4 crimson imps
  A bullfrog zombie (D:10)
  2 centaur zombies
  5 hounds
  A quasit (D:6)
  5 jellies
  12 orc wizards
  2 bullfrog skeletons
  A centaur skeleton (D:6)
  10 orc priests
  Natasha (thrice) (D:3)
  An iguana (D:5)
  9 worker ants
  A hound zombie (D:9)
  A hound skeleton (D:7)
  7 gnolls
  A howler monkey skeleton (D:5)
  11 adders
  5 shadow imps
  A white imp (IceCv)
  An ooze (D:5)
  An adder zombie (D:8)
  An adder skeleton (D:7)
  4 worms
  4 dart slugs
  3 leopard geckos
  44 orcs
  10 giant cockroaches
  3 goblins (D:3)
  4 hobgoblins
  5 jackals
  7 quokkas
  2 ball pythons
  8 bats
  6 frilled lizards
  4 kobolds
  6 rats
280 creatures vanquished.

Vanquished Creatures (others)
  A slave (D:4)
  A phantom (D:4)
  A bullfrog (D:4)
  An orc wizard (D:10)
  An ufetubus (IceCv)
  20 fungi (D:11)
  11 plants (D:11)
36 creatures vanquished.

Grand Total: 316 creatures vanquished

Notes
Turn   | Place    | Note
-------+----------+-------------------------------------------
     0 | D:1      | Laphicet the Halfling Fighter began the quest for the Orb.
     0 | D:1      | Reached XP level 1. HP: 15/15 MP: 1/1
    92 | D:1      | Reached XP level 2. HP: 9/20 MP: 2/2
   561 | D:1      | Reached XP level 3. HP: 26/26 MP: 3/3
   693 | D:1      | Reached skill level 1 in Dodging
  1289 | D:2      | Reached XP level 4. HP: 31/31 MP: 4/4
  1717 | D:3      | Reached XP level 5. HP: 36/36 MP: 5/5
  2325 | D:3      | Noticed Natasha
  2338 | D:3      | Killed Natasha
  2338 | D:3      | Reached XP level 6. HP: 29/42 MP: 6/6
  2705 | D:3      | Noticed Laphicet's ghost (amateur HaFi)
  2724 | D:3      | Killed Laphicet's ghost
  2737 | D:3      | Noticed Natasha
  2745 | D:3      | Killed Natasha
  2834 | D:3      | Noticed Natasha
  2846 | D:3      | Killed Natasha
  2944 | D:3      | Reached XP level 7. HP: 47/47 MP: 7/7
  3084 | D:4      | Noticed Pikel
  3084 | D:4      | Noticed Blork the orc
  3099 | D:3      | Killed Blork the orc
  3442 | D:4      | Killed Pikel
  3442 | D:4      | Reached skill level 5 in Armour
  3442 | D:4      | Reached skill level 5 in Shields
  3442 | D:4      | Reached XP level 8. HP: 17/54 MP: 8/8
  4342 | D:4      | Found a burning altar of Makhleb.
  4397 | D:5      | Entered Level 5 of the Dungeon
  4619 | D:5      | Noticed Grinder
  4623 | D:5      | Paralysed by Grinder for 5 turns
  4631 | D:5      | Paralysed by Grinder for 7 turns
  4656 | D:5      | Killed Grinder
  4861 | D:4      | Reached skill level 5 in Fighting
  4861 | D:4      | Reached skill level 5 in Long Blades
  4861 | D:4      | Reached skill level 5 in Dodging
  4861 | D:4      | Reached XP level 9. HP: 54/61 MP: 9/9
  5077 | D:5      | Found a staircase to the Ecumenical Temple.
  5144 | Temple   | Entered the Ecumenical Temple
  5271 | Temple   | Became a worshipper of the Wu Jian Council
  5411 | D:5      | Noticed Eustachio
  5435 | D:5      | Killed Eustachio
  6132 | D:6      | Noticed Duvessa
  6135 | D:6      | Noticed Dowan
  6141 | D:6      | Killed Duvessa
  6176 | D:6      | Killed Dowan
  6180 | D:6      | Found Dimafat's Book Shoppe.
  6376 | D:6      | Noticed a troll
  6390 | D:6      | Gained mutation: You are resistant to electric shocks. (rElec) [potion of mutation]
  6397 | D:6      | Killed a troll
  7073 | D:6      | Reached * piety under Wu Jian
  7158 | D:6      | Reached XP level 10. HP: 68/68 MP: 10/10
  7166 | D:6      | Lost mutation: You are resistant to electric shocks. (rElec) [potion of mutation]
  8291 | D:7      | Reached ** piety under Wu Jian
  8870 | D:7      | Found a white marble altar of Elyvilon.
  9298 | D:8      | Reached *** piety under Wu Jian
  9861 | D:9      | Found a basalt altar of Yredelemnul.
  9861 | D:9      | Found a stormy altar of Qazlal.
  9872 | D:9      | Found a snail-covered altar of Cheibriados.
  9874 | D:9      | Reached XP level 11. HP: 66/75 MP: 11/11
  9888 | D:9      | Found a shadowy altar of Dithmenos.
  9890 | D:9      | Found an opulent altar of Gozag.
  9890 | D:9      | Found a radiant altar of Vehumet.
  9890 | D:9      | Found an iron altar of Okawaru.
  9890 | D:9      | Found a hazy altar of Hepliaklqana.
  9892 | D:9      | Found a hide-covered altar of Uskayaw.
  9894 | D:9      | Found a blossoming altar of Fedhas.
  9895 | D:9      | Found a sparkling altar of Nemelex Xobeh.
 10541 | D:9      | Reached **** piety under Wu Jian
 10795 | D:9      | Found a deep blue altar of Sif Muna.
 10953 | D:9      | Noticed a two-headed ogre
 10970 | D:9      | Killed a two-headed ogre
 11118 | D:9      | Noticed Erolcha
 11182 | D:9      | Killed Erolcha
 11447 | D:10     | Entered Level 10 of the Dungeon
 11461 | D:10     | Noticed a two-headed ogre
 12344 | D:10     | Killed a two-headed ogre
 13130 | D:11     | Found a frozen archway.
 13175 | D:11     | Reached XP level 12. HP: 58/82 MP: 7/12
 13187 | IceCv    | Entered an ice cave
 13187 | IceCv    | Noticed beholder's ghost (journeyman DrIE)
 13213 | IceCv    | HP: 2/82 [beholder's ghost/Freeze (23)]
 13214 | IceCv    | Slain by an ice beast

Vault maps used:
D:1:      dpeg_arrival_arbitrary_c, minmay_unequal
D:3:      uniq_natasha
D:4:      cheibrodos_quashed, lightli_temple_of_fire, first_bread, uniq_pikel,
          uniq_blork_the_orc
D:5:      lemuel_temple_firewalk_b, hangedman_minor_gate_pass, uniq_eustachio,
          uniq_grinder
D:6:      serial_shops, nicolae_shop_waterfront, uniq_duvessa
D:7:      lemuel_round_altar
D:8:      hangedman_pestilent_swarm
D:9:      minitemple, basic_altar, uniq_erolcha
D:11:     due_lair_maze_entry_diamond, minmay_orc_entry_temple_small,
          portal_ice_cave_entry_ice_beasts
Temple:   nicolae_temple_figure_zero
IceCv:    ice_cave_small_demon

Skill      XL: |  1  2  3  4  5  6  7  8  9 10 11 |
---------------+----------------------------------+-----
Fighting       | 3 4 5 6 7 8 |  8.1
Dodging        | 1 2 4 5 6 7 8 |  8.7
Long Blades    | 3 4 5 6 7 8 |  8.7
Shields        | 4 5 6 8 9 |  9.3
Armour         | 4 5 6 7 8 9 |  9.5

Action                   |  1- 3 |  4- 6 |  7- 9 | 10-12 || total
-------------------------+-------+-------+-------+-------++-------
Melee: Long sword        |   105 |   129 |   203 |       ||   437
       Falchion          |       |       |   155 |   832 ||   987
Evoke: Wand              |       |     2 |       |     2 ||     4
  Use: Scroll            |     8 |     2 |     6 |     9 ||    25
       Potion            |       |     1 |     5 |     7 ||    13
  Eat: Chunk             |     1 |     6 |    13 |    17 ||    37
       Meat ration       |       |       |     1 |       ||     1
Armor: Scale mail        |    38 |    18 |       |       ||    56
       Chain mail        |       |    46 |   172 |   241 ||   459
       Skin              |       |       |       |    13 ||    13
Dodge: Dodged            |    61 |    45 |   145 |   285 ||   536
Block: Shield            |    57 |    66 |   199 |   442 ||   764
       Rpst.: Long sword |    18 |    19 |    22 |       ||    59
       Falchion          |       |       |    16 |    63 ||    79
